[Event "*** MasterClass Titled Tuesday Blitz"]
[Site "Chess.com"]
[Date "2017.08.01"]
[Round "6"]
[White "olomi007"]
[Black "ShimanovAlex"]
[Result "1/2-1/2"]
[WhiteElo "2513"]
[BlackElo "2610"]
[TimeControl "180+2"]
[EndTime "14:18:37 PDT"]
[Termination "Game drawn by repetition"]

1. e4 c6 2. d4 d5 3. Nc3 g6 4. h3 Bg7 5. Nf3 Nf6 6. Bd3 dxe4 7. Nxe4 Nxe4 8. Bxe4 O-O 9. O-O c5 10. Be3 cxd4 11. Bxd4 Bxd4 12. Qxd4 Qxd4 13. Nxd4 a6 14. Rad1 Ra7 15. Rfe1 b6 16. Bf3 Rc7 17. c3 Rd8 18. Kf1 Rd6 19. Nc2 Rxd1 20. Rxd1 Rd7 21. Rxd7 Bxd7 22. Nb4 e6 23. Ke2 Kf8 24. c4 g5 25.
Kd3 Ke7 26. Kc3 Kd6 27. Nd3 a5 28. g4 f5 29. gxf5 exf5 30. b3 f4 31. Bg4 Be8 32.
a3 Bg6 33. b4 axb4+ 34. axb4 Bxd3 35. Kxd3 Nc6 36. Kc3 h6 37. Bf3 Nb8 38. Kd4 Na6 39. Kc3 Nc7 40. Bg4 Ke5 41. Bd7 Ke4 42. Bc6+ Ke5 43. Bd7 h5 44. c5 bxc5 45. bxc5 Kd5 46. c6 Ke4 47. Kc4 Kf3 48. Kc5 Kxf2 49. Kb6 Nd5+ 50.
Kc5 Nc7 51. Kb6 Nd5+ 52. Kc5 Nc7 53. Kb6 1/2-1/2

[Event "*** MasterClass Titled Tuesday Blitz"]
[Site "Chess.com"]
[Date "2017.08.01"]
[Round "6"]
[White "El-Ajedrecista"]
[Black "AndrewMcStone"]
[Result "1/2-1/2"]
[WhiteElo "1825"]
[BlackElo "2059"]
[TimeControl "180+2"]
[EndTime "14:18:53 PDT"]
[Termination "Game drawn by agreement"]

1. d4 Nf6 2. c4 Nc6 3. Nc3 e5 4. d5 Ne7 5. a3 Ng6 6. h4 h5 7.
Bg5 Be7 8. g3 d6 9. e4 Ng4 10. Bd2 f5 11. f3 Nf6 12. exf5 Bxf5 13.
Bh3 Qd7 14. Qe2 c6 15. O-O-O cxd5 16. cxd5 Rc8 17. Bxf5 Qxf5 18. Bg5 O-O 19. Nh3 e4 20. fxe4 Nxe4 21. Bxe7 Nxc3 22. bxc3 Rxc3+ 23. Kb2 Nxe7 24. Qe6+ Qxe6 25. dxe6 Rxg3 26. Ng5 Rg2+ 27. Kb3 d5 28. Rhf1 Rxf1 29. Rxf1 Rg3+ 30. Ka2 Rg4 31. Rc1 Rxh4 32. Rc7 Kf8 33. Rxb7 Rh2+ 34. Kb3 Ng6 35. Rf7+ Ke8 36.
Rxg7 Nf4 37. Rxa7 Re2 38. Rh7 Nxe6 39. Nxe6 Rxe6 40. Rxh5 Rd6 41. Kc3 Kd7 42. Kd4 Kc7 43.
Rxd5 Rxd5+ 44. Kxd5 Kb6 45. Kc4 Ka5 46. Kb3 Ka6 47.
Kb4 Ka7 48. Kb5 Ka8 1/2-1/2

[Event "*** MasterClass Titled Tuesday Blitz"]
[Site "Chess.com"]
[Date "2017.08.01"]
[Round "6"]
[White "toad"]
[Black "DiamondCrusher22"]
[Result "0-1"]
[WhiteElo "2080"]
[BlackElo "2043"]
[TimeControl "180+2"]
[EndTime "14:19:08 PDT"]
[Termination "DiamondCrusher22 won by checkmate"]

1. d4 d5 2. c4 c6 3. Nf3 Nf6 4. e3 Bf5 5. Nc3 e6 6. Nh4 Be4 7. Nxe4 dxe4 8. g3 c5 9. dxc5 Qxd1+ 10.
Kxd1 Nbd7 11. c6 bxc6 12. Bd2 Ne5 13. Kc2 Nfg4 14. Be1 Nf3 15. Nxf3 exf3 16. h3 Nf6 17. Bc3 Ne4 18. Be1 Rb8 19. b3 g6 20. Bd3 Bg7 21. Rd1 Nc5 22. Bc3 e5 23. b4 Na4 24.
Be4 Rc8 25. Rd6 Nb6 26. Rxc6 Ke7 27. Rxc8 Rxc8 28. c5 Na4 29. Rd1 a5 30. a3 f5 31.
Bxf3 Nxc3 32. Kxc3 e4+ 33. Kc4 exf3 34. bxa5 Bb2 35. a4 Ra8 36. Rb1 Be5 37. Rb5 Ra7 38.
Kd5 Bc7 39. e4 Bxa5 40. exf5 gxf5 41. Ke5 Be1 42. Rb2 Bc3+ 43. Kxf5 Bxb2 44. Kf4 Rxa4+ 45. Kxf3 Rc4 46. g4 Rxc5 47. h4 Rc2 48. Ke4 Rxf2 49. g5 Rh2 50. Kf5 Rxh4 51. g6 hxg6+ 52. Kxg6 Ke6 53. Kg5 Rh1 54. Kg6 Rg1+ 55. Kh7 Kf6 56.
Kh8 Kf7+ 57. Kh7 Rh1# 0-1

[Event "*** MasterClass Titled Tuesday Blitz"]
[Site "Chess.com"]
[Date "2017.08.01"]
[Round "6"]
[White "Bengalas"]
[Black "Keaton87"]
[Result "1-0"]
[WhiteElo "2495"]
[BlackElo "2492"]
[TimeControl "180+2"]
[EndTime "14:19:11 PDT"]
[Termination "Bengalas won by checkmate"]

1. d4 d5 2. c4 e6 3. Nc3 Be7 4. cxd5 exd5 5. Bf4 c6 6. e3 Bd6 7. Bxd6 Qxd6 8. Qc2 Ne7 9. Bd3 g6 10. Nf3 Bf5 11. O-O O-O 12. b4 Na6 13. a3 Nc7 14. Rab1 a5 15. Ne5 axb4 16. axb4 Ra3 17. Bxf5 Nxf5 18. Rb3 Rfa8 19. Rxa3 Rxa3 20. Qb2 Ra8 21. Nd3 b6 22. Rc1 Ne6 23. Ra1 Qf8 24. Ra3 Nd6 25.
Qa2 Rc8 26. Ra7 Nc4 27. b5 Qd6 28. bxc6 Qxc6 29. Nb4 Qd6 30. Nbxd5 Kg7 31. g3 b5 32.
Ra6 Qb8 33. Qb3 Rd8 34. Ne7 Nd2 35. Qxb5 Nf3+ 36. Kg2 Ne1+ 37. Kf1 Nc2 38. Nc6 Qxb5+ 39. Nxb5 Rc8 40. Nd6 Rc7 41. Ne5 Kf6 42. Ne4+ Kf5 43. Nd6+ Kg5 44. Ndxf7+ Kf5 45. Nd6+ Kg5 46. Ne4+ Kf5 47.
Nd6+ Kg5 48. h4+ Kh5 49. Kg2 g5 50. g4+ Kxh4 51. Nf5# 1-0

[Event "*** MasterClass Titled Tuesday Blitz"]
[Site "Chess.com"]
[Date "2017.08.01"]
[Round "6"]
[White "TigranLPetrosyan"]
[Black "sergiochess83"]
[Result "1/2-1/2"]
[WhiteElo "2751"]
[BlackElo "2664"]
[TimeControl "180+2"]
[EndTime "14:19:13 PDT"]
[Termination "Game drawn by agreement"]

1. Nf3 d5 2. g3 Nf6 3. Bg2 c6 4. c4 g6 5. cxd5 cxd5 6. d4 Bg7 7. Nc3 Ne4 8. Qb3 Nxc3 9. bxc3 Nc6 10. Nd2 e6 11.
Ba3 Na5 12. Qb2 Qb6 13. Qc1 Bd7 14. Rb1 Qc7 15. O-O Bc6 16. c4 Rc8 17. cxd5 Bxd5 18. Ne4 Nc4 19. Nd6+ Nxd6 20. Bxd6 Qxc1 21. Rfxc1 Kd7 22. Bxd5 Rxc1+ 23. Rxc1 Kxd6 24. Bxb7 Rb8 25. Bf3 Bxd4 26. Rd1 Ke5 27. e3 Bb6 28. Rd7 Kf6 29. Bb7 Rd8 30. Rxd8 Bxd8 31. f4 Bb6 32. Kf2 e5 33.
Bd5 exf4 34. gxf4 h6 35. h4 Bc5 36. Kf3 Bb6 37. e4 Bc5 38. e5+ Ke7 39. Kg4 Be3 40. Bc4 Bd2 41. Bd3 Bc1 42. a4 a5 43. Kg3 Bd2 44. Be2 Bc1 45. Kf3 f6 46. Bd3 fxe5 47. fxe5 g5 48. h5 g4+ 49. Kxg4 Bd2 50. Kf5 Bc1 51.
Bc4 Bd2 52. Kg6 Bc1 53. e6 Bd2 54. Kf5 Bc1 55. Bb5 Bd2 56. Bd7 Bc1 57. Kg6 Bd2 58. Kf5 1/2-1/2

[Event "*** MasterClass Titled Tuesday Blitz"]
[Site "Chess.com"]
[Date "2017.08.01"]
[Round "6"]
[White "Giraffe_Chess"]
[Black "MartinMatthiesen"]
[Result "0-1"]
[WhiteElo "2215"]
[BlackElo "2226"]
[TimeControl "180+2"]
[EndTime "14:19:13 PDT"]
[Termination "MartinMatthiesen won by resignation"]

1. e4 c6 2. d4 d5 3. e5 Bf5 4. h4 h6 5. h5 e6 6. g4 Be4 7. f3 Bh7 8. Bd3 Bxd3 9. Qxd3 c5 10. c3 Nc6 11. f4 Rc8 12. dxc5 d4 13. Nf3 Bxc5 14. b4 Bb6 15. b5 dxc3 16. Qxd8+ Nxd8 17. a4 Ba5 18. Ke2 Ne7 19. Ba3 Nd5 20. Bc1 b6 21.
Na3 Nb7 22. Nd4 Nc5 23. Nc4 Ne4 24. Nc6 Ng3+ 25. Kf3 Nxh1 26. Nd6+ Kd7 27. Nxc8 Rxc8 28. Ba3 c2 29. Rxh1 Bd2 30. Bc1 Bc3 31. Ke4 Nb4 32. f5 Nxc6 33. bxc6+ Rxc6 34. Rf1 Rc5 35. f6 gxf6 36. exf6 Ba5 37. Bxh6 Rc4+ 38. Kf3 Rb4 39. Bc1 Rb1 40. h6 Bc3 41. g5 Bd2 42. h7 Rxc1 43.
Rxc1 Bxc1 44. h8=Q Bxg5 45. Qg7 c1=Q 46. Qxf7+ Kd6 47.
Qe7+ Ke5 48. Qxa7 Qe3+ 49. Kg2 Bxf6 50. Qb8+ Kf5 51. Qb7 Qe4+ 52. Qxe4+ Kxe4 0-1

[Event "*** MasterClass Titled Tuesday Blitz"]
[Site "Chess.com"]
[Date "2017.08.01"]
[Round "6"]
[White "Blitzking4444"]
[Black "AllStarShark"]
[Result "0-1"]
[WhiteElo "2150"]
[BlackElo "2306"]
[TimeControl "180+2"]
[EndTime "14:19:17 PDT"]
[Termination "AllStarShark won on time"]

1. e4 c5 2. Nf3 g6 3. d4 cxd4 4. Nxd4 Nc6 5. c4 Nf6 6. Nc3 Nxd4 7. Qxd4 d6 8. Be3 Bg7 9. Be2 O-O 10. Qd2 Qa5 11. O-O Be6 12. Rac1 Rfc8 13. b3 a6 14. Nb1 Qxd2 15. Nxd2 Ng4 16. Bxg4 Bxg4 17. f3 Be6 18. Rc2 b5 19. Rfc1 Kf8 20. Kf2 Ke8 21. c5 Kd7 22.
cxd6 exd6 23. f4 f5 24. Nf3 Bf6 25. Nd4 Bxd4 26. Bxd4 fxe4 27. Rxc8 Rxc8 28. Rxc8 Kxc8 29. Ke3 Bf5 30. b4 Kd7 31. h3 h5 32. Bf6 Ke6 33.
Bg7 Kd5 34. Bf8 Be6 35. h4 Bf5 36. g3 Bd7 37. Be7 Bf5 38. Bf8 Kc4 39. Bxd6 Kc3 40.
Bc5 Kb2 41. Bb6 Kxa2 42. Kd4 Kb3 43. Bc5 Ka4 44. Kc3 a5 45. bxa5 Kxa5 46. Bb4+ Ka4 47. Bc5 Bg4 48. Bb4 e3 49. Bc5 e2 50. Bf2 b4+ 51.
Kb2 Kb5 52. Be1 Kc4 53. Kc2 b3+ 54. Kb2 Bf5 55. Ba5 Bc2 56. Kc1 Kd3 57. Bb4 Ke3 58. Be1 Kf3 59. Kb2 Kg2 60. Kc1 Kf1 61. Kd2 Bf5 62. g4 hxg4 63. h5 gxh5 0-1

[Event "*** MasterClass Titled Tuesday Blitz"]
[Site "Chess.com"]
[Date "2017.08.01"]
[Round "6"]
[White "AdrianaNikolova"]
[Black "gui_borba"]
[Result "0-1"]
[WhiteElo "2279"]
[BlackElo "2132"]
[TimeControl "180+2"]
[EndTime "14:19:17 PDT"]
[Termination "gui_borba won on time"]

1. e4 c6 2. d4 d5 3. Nd2 dxe4 4. Nxe4 Nf6 5. Nxf6+ gxf6 6. c3 Qd5 7.
Nf3 Bg4 8. Be2 Nd7 9. Be3 O-O-O 10. Qb3 Kb8 11. Qxd5 cxd5 12. h3 Bxf3 13. Bxf3 e6 14. Bf4+ Ka8 15. O-O-O Nb6 16. Bc7 Rd7 17. Bxb6 axb6 18.
Bh5 Bd6 19. Rd3 Rg8 20. g4 Bf4+ 21. Kc2 Kb8 22. Rhd1 Kc7 23. b3 b5 24. c4 bxc4 25. bxc4 dxc4 26. Rc3 b5 27. a4 Ra8 28. axb5 Ra2+ 29.
Kb1 Ra4 30. Rf3 Bg5 31. Rc3 Kb6 32. Kc2 Rd5 33. Rb1 Rxd4 34. Rf3 Rd2+ 35. Kc3 Ra3+ 36. Kxc4 Rxf3 37. Bxf7 e5 38. Ra1 Rfxf2 39. Ra6+ Kb7 40. Bd5+ Rxd5 41. Kxd5 Rb2 42. Kc5 e4 43. Re6 e3 44. Re7+ Kc8 45. Kc6 Rc2+ 46. Kd6 e2 47. b6 Bf4+ 48. Kd5 Bg3 49. b7+ Kb8 50. Kd4 e1=Q 51.
Rxe1 Bxe1 0-1

[Event "*** MasterClass Titled Tuesday Blitz"]
[Site "Chess.com"]
[Date "2017.08.01"]
[Round "6"]
[White "dretch"]
[Black "vellottiwizard"]
[Result "1-0"]
[WhiteElo "2542"]
[BlackElo "2508"]
[TimeControl "180+2"]
[EndTime "14:19:26 PDT"]
[Termination "dretch won by resignation"]

1. d4 Nf6 2. c4 e6 3. Nc3 Bb4 4.
Qc2 O-O 5. a3 Bxc3+ 6. Qxc3 b6 7. Bg5 Bb7 8. e3 d6 9. Ne2 Nbd7 10. Qd3 e5 11. Nc3 exd4 12. Qxd4 h6 13. Bh4 Re8 14.
Be2 Qe7 15. O-O Qe5 16. Qxe5 Rxe5 17. Nb5 Ne8 18. Rfd1 a6 19. Nd4 Nef6 20. h3 Ne4 21. Bg4 Nf8 22. f3 Nc5 23. b4 Nce6 24. Bf2 Nxd4 25.
exd4 Re2 26. Bf5 Rae8 27. Bd3 R2e7 28. a4 Ne6 29. a5 bxa5 30. Rxa5 Nf4 31. Bf1 g5 32. d5 Re5 33. Kh2 Rb8 34. Bd4 Ree8 35. Bc3 Re3 36. Bd4 Rb3 37. Ra4 Bc8 38. Re1 Kf8 39.
b5 axb5 40. cxb5 Nd3 41. Re3 Rb4 42. Rxb4 Nxb4 43. Bc4 Bb7 44. Ba7 Ra8 45. b6 cxb6 46.
Bxb6 Bxd5 47. Be2 Be6 48. Re4 Nd5 49. Bf2 Ra2 50. Bg3 Nc3 51. Bxd6+ Kg8 52. Rxe6 fxe6 53. Bc4 Rd2 54. Bxe6+ Kh7 55. Bf5+ Kg8 56. Be6+ Kh7 57. Bb4 1-0

[Event "*** MasterClass Titled Tuesday Blitz"]
[Site "Chess.com"]
[Date "2017.08.01"]
[Round "6"]
[White "Anton_Demchenko"]
[Black "prochn"]
[Result "0-1"]
[WhiteElo "2720"]
[BlackElo "2288"]
[TimeControl "180+2"]
[EndTime "14:19:27 PDT"]
[Termination "prochn won on time"]

1. e4 c6 2. d4 d5 3. Nc3 dxe4 4. Nxe4 Bf5 5. Ng3 Bg6 6. Nf3 Nd7 7. Bd3 Bxd3 8. Qxd3 e6 9. Bd2 Ngf6 10. O-O-O Be7 11.
Qe2 O-O 12. Kb1 c5 13. Rhe1 Qb6 14. Bc1 Rfd8 15. c3 Rac8 16. dxc5 Nxc5 17. Rxd8+ Rxd8 18. Rd1 Na4 19. Rxd8+ Bxd8 20. Qc2 Nc5 21. Be3 Qc7 22. Ne2 h6 23. h3 Nd5 24. Bc1 b5 25. Ned4 a6 26.
Qe2 Na4 27. Bd2 Bf6 28. g4 Qc5 29. Qd3 b4 30. c4 Ne7 31. b3 Nb6 32. Be3 Qc7 33.
Qe4 a5 34. Nb5 Qd8 35. Kc2 Nd7 36. h4 Ng6 37. g5 hxg5 38. hxg5 Be7 39. Nbd4 Nc5 40.
Qg4 a4 41. Ne1 axb3+ 42. axb3 Qa5 43. Kd2 Nxb3+ 44. Nxb3 Qa2+ 45. Nc2 Qxb3 46. Qd4 Qa2 47. Kd3 b3 48. Ne1 b2 49. Ke4 b1=Q+ 50. Kf3 Qxe1 0-1

[Event "*** MasterClass Titled Tuesday Blitz"]
[Site "Chess.com"]
[Date "2017.08.01"]
[Round "6"]
[White "KyronGriffith"]
[Black "politeplayer"]
[Result "1-0"]
[WhiteElo "2336"]
[BlackElo "2204"]
[TimeControl "180+2"]
[EndTime "14:19:32 PDT"]
[Termination "KyronGriffith won by resignation"]

1. e4 c5 2. Nf3 Nc6 3. d4 cxd4 4. Nxd4 g6 5. Nb3 Bg7 6. Be2 d6 7. O-O Nf6 8. Nc3 O-O 9. Bg5 b6 10.
f4 Bb7 11. Bf3 Rc8 12. Qe1 Nb4 13. Rf2 a5 14. a3 Na6 15. e5 Bxf3 16. Rxf3 dxe5 17. fxe5 Rxc3 18. bxc3 Nd7 19. Rd1 a4 20. Nd4 Nxe5 21. Re3 Nc4 22. Bxe7 Nxe3 23. Bxd8 Nxd1 24. Bxb6 Rb8 25. Ba7 Rb1 26. Qe8+ Bf8 27. h4 Ne3+ 28. Kf2 Ng4+ 29. Ke2 Nc7 30. Qxa4 Nd5 31. Qc6 Nf4+ 32.
Kf3 Ne5+ 33. Kxf4 Nxc6 34. Nxc6 Rb2 35. Nb4 Bxb4 36. axb4 Rxc2 37. Bd4 f5 38. g4 fxg4 39. Kxg4 Kf7 40. b5 Rb2 41. b6 Rb5 42. Kf4 Ke6 43.
Ke4 h5 44. c4 Rb4 45. c5 g5 46. hxg5 h4 47. c6 h3 48. c7 Kd7 49. b7 Rxb7 50. Be5 Rb4+ 51. Kf3 Rb2 52. Bxb2 h2 53.
Kg2 Kxc7 54. Kxh2 1-0

[Event "*** MasterClass Titled Tuesday Blitz"]
[Site "Chess.com"]
[Date "2017.08.01"]
[Round "6"]
[White "Rumpel-VK"]
[Black "Marcus_Harvey"]
[Result "1-0"]
[WhiteElo "2476"]
[BlackElo "2581"]
[TimeControl "180+2"]
[EndTime "14:19:33 PDT"]
[Termination "Rumpel-VK won by resignation"]

1. d4 e6 2. e4 d5 3. exd5 exd5 4. Nf3 Bd6 5. Bd3 Ne7 6. O-O Nbc6 7. c3 O-O 8. Bg5 f6 9. Bh4 Nf5 10. Bg3 Nxg3 11. hxg3 Ne7 12. Nbd2 c6 13. Qc2 g6 14. Rfe1 Bg4 15. Re2 Qd7 16. Rae1 Rae8 17. c4 Bb4 18. c5 Nf5 19. Bxf5 Bxf5 20. Qa4 Bxd2 21. Nxd2 Bd3 22. Rxe8 Rxe8 23. Rxe8+ Qxe8 24. Nf3 a6 25. Qb3 Qe2 26. Qxb7 Qf1+ 27. Kh2 Qxf2 28. Qxc6 Be4 29. Qxf6 Bxf3 30. Qxf3 Qxd4 31. c6 Qc4 32. Qc3 Qg4 33. c7 Qc8 34. Qe5 Kf7 35. Qxd5+ Ke7 36. Qc6 a5 37. b3 g5 38. a3 g4 39. b4 axb4 40. axb4 h5 41. b5 h4 42. gxh4 g3+ 43. Kxg3 Qg8+ 44. Kh2 Qg4 45. c8=Q Qxh4+ 46. Qh3 Qf4+ 47.
g3 Qf2+ 48. Qcg2 Qf7 49. Qh4+ 1-0

[Event "*** MasterClass Titled Tuesday Blitz"]
[Site "Chess.com"]
[Date "2017.08.01"]
[Round "6"]
[White "Big_Fishy"]
[Black "HouseOfDurin"]
[Result "1/2-1/2"]
[WhiteElo "2234"]
[BlackElo "1878"]
[TimeControl "180+2"]
[EndTime "14:19:34 PDT"]
[Termination "Game drawn - insufficient material"]

1. d4 Nf6 2. Nc3 c5 3. d5 d6 4. e4 e5 5. dxe6 Bxe6 6. f4 Nc6 7. Nf3 Be7 8. f5 Bc8 9. Bf4 Qa5 10. Qd2 O-O 11.
O-O-O Rd8 12. Bc4 h6 13. h3 a6 14. Rhe1 b5 15. Nd5 Qxd2+ 16. Rxd2 bxc4 17. Nxe7+ Nxe7 18. Bxd6 Nc6 19. g4 Bb7 20. Bxc5 Rxd2 21. Nxd2 Ne5 22.
Bd4 Nfd7 23. c3 f6 24. Kc2 a5 25. b3 Ba6 26. Re3 Rc8 27. b4 axb4 28. cxb4 Nd3 29. Bc3 N7e5 30. a4 Kf7 31. b5 Bb7 32. Bxe5 Nxe5 33. Kc3 Ra8 34. Kb4 Ke7 35. a5 Kd6 36.
a6 Bxa6 37. bxa6 Rxa6 38. Nxc4+ Nxc4 39. Kxc4 Ra1 40. Kd4 Rd1+ 41. Rd3 Rh1 42. Ke3+ Ke7 43. Kf4 h5 44. gxh5 Rh2 45. Rg3 Kf7 46. Kg4 Rh1 47. Ra3 Re1 48. Ra7+ Kg8 49. Kf4 Rf1+ 50. Ke3 Rh1 51. Kd4 Rxh3 52. Kd5 Rxh5 53. Ke6 Rh4 54.
Ra8+ Kh7 55. e5 Re4 56. Kf7 Rxe5 57. Rg8 Rxf5 58. Rxg7+ Kh6 59. Rg6+ Kh5 60. Rxf6 Rxf6+ 61. Kxf6 1/2-1/2

[Event "*** MasterClass Titled Tuesday Blitz"]
[Site "Chess.com"]
[Date "2017.08.01"]
[Round "6"]
[White "CheckThis4"]
[Black "pedroholly22"]
[Result "0-1"]
[WhiteElo "2292"]
[BlackElo "2285"]
[TimeControl "180+2"]
[EndTime "14:19:42 PDT"]
[Termination "pedroholly22 won on time"]

1. e4 e6 2. d4 d5 3. Nd2 c5 4.
Ngf3 cxd4 5. Nxd4 Nc6 6. Nxc6 bxc6 7. Bd3 Nf6 8. O-O Bd6 9. b3 Qc7 10. h3 h5 11. Bb2 Ng4 12. Nf3 f6 13. Qe2 Kf7 14.
c4 dxc4 15. Bxc4 Bc5 16. hxg4 hxg4 17. Ne5+ fxe5 18. Qxg4 Rh6 19. Rad1 Bd7 20. Bxe5 Qxe5 21. Rxd7+ Ke8 22. Rfd1 Rf6 23. R7d2 Kf7 24. Rd7+ Be7 25. Rxe7+ Kxe7 26. Qxg7+ Ke8 27. Rd7 Qc5 28. Rd2 Qe7 29.
Qg8+ Rf8 30. Qg6+ Qf7 31. Qg3 Rd8 32. Rxd8+ Kxd8 33. Qb8+ Ke7 34. Qxa7+ Kf6 35. Qd4+ Ke7 36. Qc5+ Kf6 37. e5+ Kg7 38. Qe3 Qg6 39. Bd3 Qg4 40.
g3 Rf3 41. Qa7+ Rf7 42. Qe3 Rf3 43. Qe2 Rf4 44. Qxg4+ Rxg4 45. Kg2 Rd4 46. Bc4 Rd2 47. a4 Kg6 48. Bxe6 c5 0-1

[Event "*** MasterClass Titled Tuesday Blitz"]
[Site "Chess.com"]
[Date "2017.08.01"]
[Round "6"]
[White "IIIlllII1llIl"]
[Black "GMMarcinDziuba"]
[Result "0-1"]
[WhiteElo "2622"]
[BlackElo "2554"]
[TimeControl "180+2"]
[EndTime "14:19:44 PDT"]
[Termination "GMMarcinDziuba won by resignation"]

1. e4 c5 2. c3 Nf6 3. e5 Nd5 4. Bc4 e6 5. Nf3 d6 6. d4 cxd4 7. cxd4 Nc6 8. Qe2 Be7 9. O-O O-O 10. Re1 Bd7 11. Qe4 Ndb4 12. exd6 Bxd6 13. Nc3 h6 14.
Nb5 Be7 15. Bd2 Na5 16. Bf1 Bc6 17. Qg4 Kh8 18. Rec1 a6 19. Nc3 Bxf3 20. Qxf3 Nac6 21. Be3 Nxd4 22. Qh5 Nf5 23. Rd1 Qc7 24. Rac1 Nxe3 25. fxe3 Qc5 26. Qf3 Qa7 27. a3 Nc6 28. Ne4 Rad8 29.
Qg3 Qb6 30. b4 Rxd1 31. Rxd1 Rd8 32. Rc1 a5 33. b5 Nb8 34. a4 Nd7 35. h3 Nc5 36. Nf2 Nxa4 37. Ng4 Nc5 38. Qe5 Kg8 39. Rc4 Qd6 40. Nxh6+ gxh6 41. Rg4+ Bg5 42. Qf6 Kf8 43. Qa1 Ke7 44. Qc1 Nb3 45. Qb2 Bxe3+ 46. Kh1 Nd4 47. Re4 Qg3 48. Qc3 Qf2 49. Qc5+ Ke8 50. Kh2 Bf4+ 51. Rxf4 Qxf4+ 52. Kg1 Qe3+ 53. Kh1 Qe1 54. Qc4 Ne2 55. Kh2 Qxf1 56. h4 Qg1+ 57. Kh3 Qe3+ 58. Kg4 Rd4+ 0-1

[Event "*** MasterClass Titled Tuesday Blitz"]
[Site "Chess.com"]
[Date "2017.08.01"]
[Round "6"]
[White "IMcoach"]
[Black "KNVB"]
[Result "1-0"]
[WhiteElo "2349"]
[BlackElo "2500"]
[TimeControl "180+2"]
[EndTime "14:19:46 PDT"]
[Termination "IMcoach won by resignation"]

1. e4 b6 2. g3 Bb7 3. Bg2 g6 4. d3 Bg7 5. c3 e6 6. f4 Ne7 7. Nf3 O-O 8. O-O d6 9. Na3 c5 10.
Nc2 Nbc6 11. Be3 f5 12. h4 h6 13. h5 gxh5 14. Nh4 Qe8 15. Bf3 d5 16. Bxh5 Qd7 17. e5 d4 18. cxd4 Nxd4 19. Nxd4 cxd4 20. Bf2 Rac8 21.
Nf3 Qd5 22. Qe2 Rfd8 23. Be1 a5 24.
Kh2 Nc6 25. a3 Qb3 26. Rg1 Ne7 27. Rd1 Rc2 28. Rd2 Rxd2 29. Qxd2 Ba6 30. g4 Qxd3 31. g5 Qxd2+ 32. Bxd2 Kh7 33. Bf7 Be2 34. gxh6 Bxh6 35. Ng5+ Bxg5 36. fxg5 Bc4 37. g6+ Kg7 38. Bg5 Rh8+ 39.
Kg3 Nxg6 40. Bxe6 Rh5 41. Bf6+ Kh6 42. Bxc4 f4+ 43. Kf3 Rh3+ 44. Ke4 d3 45. Kf5 Rh5+ 46. Bg5+ Kg7 47. Bxd3 f3 48. e6 f2 49. Rf1 Rh2 50.
Bf6+ Kh6 51. Bg5+ Kg7 52. e7 Kf7 53. Bc4+ Ke8 54. Bb5+ Kf7 55. e8=Q+ Kg7 56. Qxg6+ 1-0

[Event "*** MasterClass Titled Tuesday Blitz"]
[Site "Chess.com"]
[Date "2017.08.01"]
[Round "6"]
[White "Usurpov"]
[Black "Jungle_Jaguar"]
[Result "1-0"]
[WhiteElo "2308"]
[BlackElo "2311"]
[TimeControl "180+2"]
[EndTime "14:19:49 PDT"]
[Termination "Usurpov won by checkmate"]

1. e4 c5 2. Nf3 e6 3. c3 d5 4. e5 c4 5. b3 cxb3 6. axb3 Nc6 7. d4 Be7 8. Bd3 h5 9. h4 Nh6 10. Bg5 Nf5 11. Nbd2 g6 12. g3 Bd7 13. Nf1 a6 14. Bxf5 gxf5 15. Ne3 Qb6 16. Ng2 Na5 17. Bxe7 Kxe7 18.
O-O Rac8 19. b4 Nc4 20. Nf4 Bb5 21. Re1 Rcg8 22. Kg2 Kd8 23. Ng5 Qc7 24. Nxh5 Nb2 25.
Qf3 Bd3 26. Ra2 Be4 27. Nxe4 dxe4 28. Qe2 Nd3 29. Rd1 Rxh5 30. Rxd3 exd3 31. Qxh5 Qxc3 32.
Qxf7 Qc6+ 33. d5 Qxd5+ 34. Kh2 Re8 35. Rd2 Re7 36. Qf8+ Kd7 37. Qb8 Re8 38. Qd6+ Qxd6 39. exd6 Kxd6 40. Rxd3+ Kc6 41. f3 Kb5 42. Rd7 b6 43.
Rb7 Rd8 44. h5 Rh8 45. g4 Kc6 46. Re7 Kd6 47. Ra7 fxg4 48. fxg4 Ke5 49. Kg3 Kd4 50.
Rxa6 e5 51. Rxb6 e4 52. Re6 e3 53. b5 Kd3 54. b6 e2 55. h6 Kd2 56. g5 Rd8 57.
Rxe2+ Kxe2 58. g6 Rg8 59. g7 Ke3 60. b7 Ke4 61. b8=Q Rxb8 62. h7 Rb3+ 63. Kg4 Rb1 64. g8=Q Rg1+ 65. Kh3 Rxg8 66. hxg8=Q Kf3 67. Qf7+ Ke2 68.
Kg3 Kd2 69. Qe6 Kc2 70. Kf3 Kb2 71. Qd5 Ka1 72. Qc4 Kb1 73. Ke3 Ka1 74. Qb5 Ka2 75. Kd2 Ka3 76. Kc2 Ka2 77. Qb2# 1-0

[Event "*** MasterClass Titled Tuesday Blitz"]
[Site "Chess.com"]
[Date "2017.08.01"]
[Round "6"]
[White "Sebastian"]
[Black "FairChess_on_YouTube"]
[Result "1/2-1/2"]
[WhiteElo "2796"]
[BlackElo "2741"]
[TimeControl "180+2"]
[EndTime "14:20:03 PDT"]
[Termination "Game drawn - insufficient material"]

1. e4 g6 2. d4 Bg7 3. Nc3 c6 4.
Nf3 d6 5. Be3 Nf6 6. h3 O-O 7.
Qd2 b5 8. Bd3 a6 9. O-O Nbd7 10.
e5 b4 11. exf6 bxc3 12. fxe7 Qxe7 13. Qxc3 c5 14. Rfe1 Qd8 15. Bg5 Qb6 16. Qb3 Bb7 17. Be4 Bxe4 18. Rxe4 cxd4 19. Qxb6 Nxb6 20. Rd1 Na4 21.
Bc1 Nc5 22. Ree1 Ne6 23. b3 Rfc8 24. Re2 Rc5 25. Bb2 Rac8 26. Bxd4 Rxc2 27. Rxc2 Rxc2 28. Bxg7 Kxg7 29. Rxd6 Rxa2 30. Nd4 Nc5 31. Rd5 Ne4 32. f3 Ng3 33. Re5 h5 34. h4 Rd2 35. Nc6 Nf5 36. Re4 Kf6 37. b4 g5 38. hxg5+ Kxg5 39. Ne5 f6 40.
Nc4 Ra2 41. Ne3 Ng3 42. Rc4 f5 43. Kh2 h4 44. f4+ Kg6 45. Kg1 Ra1+ 46. Kf2 Ne4+ 47. Ke2 Ra2+ 48. Ke1 Nf2 49. Rc6+ Kh5 50. Rc3 Ng4 51.
Nxf5 Rxg2 52. Rh3 Rh2 53. Rxh2 Nxh2 54. Nxh4 Kxh4 55. Kf2 Ng4+ 56. Ke2 Nf6 57. Kd3 Kg4 58. Kd4 Nd7 59. Kd5 Kxf4 60. Kc6 Nb8+ 61. Kb6 Ke5 62. b5 axb5 63. Kxb5 1/2-1/2

[Event "*** MasterClass Titled Tuesday Blitz"]
[Site "Chess.com"]
[Date "2017.08.01"]
[Round "6"]
[White "YaWaleriy"]
[Black "stepanosinovsky"]
[Result "1-0"]
[WhiteElo "2220"]
[BlackElo "2280"]
[TimeControl "180+2"]
[EndTime "14:20:04 PDT"]
[Termination "YaWaleriy won by resignation"]

1. d4 Nf6 2. c4 g6 3. Nc3 Bg7 4.
e4 O-O 5. Be2 d6 6. Nf3 e5 7. d5 a5 8. Bg5 h6 9. Bh4 Na6 10. Nd2 Qe8 11. a3 Bd7 12. b3 Nh7 13.
O-O f5 14. f3 g5 15. Bf2 f4 16. b4 axb4 17. axb4 h5 18. Rb1 Qg6 19. c5 g4 20. c6 Bc8 21. cxb7 Bxb7 22. b5 g3 23. bxa6 gxf2+ 24. Rxf2 Bxa6 25. Bxa6 Rxa6 26. Nb5 Rf7 27. Rc1 Bf6 28. Rxc7 Bh4 29. Rf1 Ng5 30. Kh1 Ra2 31.
Rxf7 Nxf7 32. Nc3 Rb2 33. Qc1 Rb8 34. Qa3 Kh7 35. Nc4 Rg8 36. Qa2 Rg7 37. Nb5 Bd8 38. Rg1 h4 39. Qa3 Be7 40. Qb2 Ng5 41. Qf2 Qh5 42.
Rf1 h3 43. g3 fxg3 44. hxg3 Rf7 45. Nd2 Qg6 46. Qe3 Bd8 47. f4 Ba5 48. fxg5 Bxd2 49. Rxf7+ Qxf7 50. Qxd2 Qf1+ 51. Kh2 Qxb5 52. Kxh3 Qf1+ 53.
Kg4 Kg6 54. Qe3 Qb1 55. Qf3 Kg7 56. Kf5 Qb7 57. Kg4 Qb4 58. g6 Kg8 59. Qf7+ 1-0

[Event "*** MasterClass Titled Tuesday Blitz"]
[Site "Chess.com"]
[Date "2017.08.01"]
[Round "6"]
[White "Tash_Boy"]
[Black "Bryakin_Mikhail"]
[Result "1-0"]
[WhiteElo "2451"]
[BlackElo "2523"]
[TimeControl "180+2"]
[EndTime "14:20:20 PDT"]
[Termination "Tash_Boy won on time"]

1. e4 c6 2. d4 d5 3. Nd2 dxe4 4. Nxe4 Nf6 5. Nxf6+ gxf6 6. Nf3 h5 7. Be2 h4 8.
O-O h3 9. g3 Bf5 10. c3 Nd7 11. b4 e6 12. Bf4 Nb6 13. c4 Bxb4 14. Qb3 Be7 15. a4 Qd7 16. a5 Nc8 17. Rfd1 Bd6 18. Qe3 Bxf4 19. Qxf4 Qd6 20. Qe3 Ne7 21. Ra2 Rd8 22.
Rb2 Rd7 23. Ne1 Kf8 24. Bf3 Kg7 25. Rdd2 Bg6 26. g4 f5 27. g5 Rh4 28. Nc2 f4 29.
Qc3 Kg8 30. Kh1 Nf5 31. d5 cxd5 32. cxd5 Ne7 33. Nb4 e5 34. Qc4 Rc7 35. Qe2 Nf5 36. Rd1 Nd4 37. Rxd4 exd4 38. Qd2 Qe5 39. a6 Qxg5 40.
axb7 Rxb7 41. d6 Rg4 42. Qe1 Rg2 43. Bxb7 Bf5 44. Bf3 Bg4 45. Bxg4 Qxg4 46. Qe8+ Kg7 47. Qe5+ Kh7 48. Qe4+ Kh6 49. Rb1 Rxf2 50. Rg1 Rg2 51. Rf1 Rf2 52. Rg1 Rg2 53. Re1 Rf2 54. Nd3 Rd2 55.
d7 1-0